 Dungeon Crawl Stone Soup version 0.31.0-32-g396128a36d (webtiles) character file.

Game seed: 1135471684306143639

2620 spaghetti the Carver (level 9, 0/50 HPs)
             Began as a Tengu Chaos Knight on Mar 8, 2024.
             Was a Plaything of Xom.
             Slain by a scorpion (2 damage)
             ... on level 6 of the Dungeon.
             The game lasted 00:05:39 (5216 turns).

spaghetti the Carver (Tengu Chaos Knight)           Turns: 5216, Time: 00:05:40

Health: 0/50       AC:  8    Str: 23    XL:     9   Next: 60%
Magic:  10/10      EV: 30    Int: 15    God:    Xom [.*....]
Gold:   438        SH:  0    Dex: 13    Spells: 8/8 levels left

rFire   . . .        h - +6 demon blade (venom)
rCold   . . .        (no shield)
rNeg    + . .        b - +3 leather armour
rPois   .            (helmet restricted)
rElec   .            (no cloak)
rCorr   .            (no gloves)
SInv    .            (boots unavailable)
Will    .....        v - amulet of faith
Stlth   +            x - +6 ring of strength
HPRegen 0.28/turn    y - ring of positive energy
MPRegen 0.12/turn

%: acrobat, faith
@: acrobatic, flying, studying Fighting
A: beak, talons 3, evasive flight, acrobatic, iridescent scales 1, sense
surroundings 1, strong 1
a: Renounce Religion


You were on level 6 of the Dungeon.
You worshipped Xom.
You were a plaything of Xom.
You visited 1 branch of the dungeon, and saw 6 of its levels.

You collected 438 gold pieces.

Inventory:

Hand Weapons
 a - a +1 spear of chaos
 h - a +6 demon blade of venom (weapon)
Armour
 b - a +3 leather armour (worn)
Jewellery
 v - an amulet of faith (around neck)
 x - a +6 ring of strength (left hand)
 y - a ring of positive energy (right hand)
Wands
 p - a wand of mindburst (4)
 u - a wand of flame (17)
Scrolls
 c - 2 scrolls of butterflies
 d - a scroll of silence
 e - a scroll of revelation
 f - 2 scrolls of fear
 g - a scroll of poison
 m - a scroll of enchant armour
 r - a scroll of immolation
 s - a scroll of teleportation
 t - 2 scrolls of fog
 w - a scroll of amnesia
Potions
 i - a potion of resistance {unknown}
 j - 2 potions of enlightenment {unknown}
 k - a potion of lignification
 l - a potion of degeneration {unknown}
 n - 2 potions of attraction {unknown}
 o - a potion of haste {unknown}
 q - a potion of brilliance {unknown}


   Skills:
 - Level 3.0 Fighting
 + Level 12.9 Long Blades
 - Level 3.2 Polearms
 - Level 5.2 Armour
 - Level 1.1 Dodging


You had 8 spell levels left.
You didn't know any spells.
Your spell library contained the following spells:

 Spells                   Type           Power      Damage    Failure   Level
 Sculpt Simulacrum        Ice/Alch       0%         N/A       100%        6
 Ozocubu's Refrigeration  Ice            0%         4d7       100%        7
 Polar Vortex             Ice            0%         N/A       100%        9


Dungeon Overview and Level Annotations

Branches:
Dungeon (6/15)             Temple (0/1) D:5

Altars:
Xom

Shops:
D:6 *

Portals:
Abyss: D:5

Annotations:
D:5 2 transporters, JoadsterXIII's ghost, weakling TrDe


Innate Abilities, Weirdness & Mutations

You have a beak for a mouth.
You have claws for feet.
Your magical flight helps you evade attacks. (EV +4)
You can magically evade attacks while moving or waiting.
You are partially covered in iridescent scales. (AC +2)
You passively map a small area around you.
Your muscles are strong. (Str +4, Int/Dex -1)


Message History

Your quasit claws the kobold brigand but does no damage.
Your quasit barely misses the kobold brigand.
The kobold brigand misses your quasit.
The gnoll hits you from afar with a +0 halberd.
* * * LOW HITPOINT WARNING * * *
The gnoll hits you with a +0 whip.
* * * LOW HITPOINT WARNING * * *
The scorpion barely misses your quasit.
Your quasit barely misses the scorpion. x2
Your quasit closely misses the scorpion.
Unknown command.
You rip the net and break free!
Your quasit bites the kobold brigand but does no damage.
Your quasit claws the kobold brigand but does no damage. x2
The kobold brigand misses your quasit.
The gnoll hits you from afar with a +0 halberd!
* * * LOW HITPOINT WARNING * * *
Xom roars with laughter!
The scorpion stings your quasit.
Your quasit dies!
Your quasit disappears in a puff of smoke!
Your quasit bites the kobold brigand but does no damage.
Your quasit claws the kobold brigand but does no damage.
Your quasit barely misses the kobold brigand.
You swap places.
You hear Xom's avuncular chuckle.
Your quasit evaporates and reforms as an ufetubus!
The kobold brigand misses you.
Unknown command.
The scorpion misses you.
The kobold brigand hits your ufetubus with a +0 quarterstaff.
Your ufetubus closely misses the kobold brigand.
Your ufetubus hits the kobold brigand but does no damage.
Items here: )) [ ††.
Unknown command.
Something hits your ufetubus.
Your ufetubus dies!
Your ufetubus disappears in a puff of smoke!
The scorpion stings you.
You die...
Xom laughs nastily!

* , * #...#####
###.#.....# * #.........#
###.######.#.#.....#
........##.#.#.....#
..#.###.##.#.#.....# ## *
.............#...### #.
....#####)##.#.#.#######.
........@sK..............
*
,..##..###§#...#.#.#.##.#
,*#., *#Y#####.#...##.#
,, #., *#g##....#.####..
* , .. g.##.####.###...
#. ..#####.# #.#..... #
........####.##.... ,
.#.#......)..##....
,,..........%..##....


You could see a kobold brigand and a scorpion.

Vanquished Creatures
  Pikel (D:6)
  Maggie (D:6)
  2 water moccasins (D:6)
  Edmund (D:6)
  A sky beast (D:6)
  A black bear (D:4)
  4 ogres
  A bullfrog (D:6)
  A gnoll sergeant (D:6)
  A scorpion (D:4)
  A howler monkey (D:6)
  2 orc priests (D:6)
  2 jellies
  A bombardier beetle (D:5)
  10 hounds
  2 iguanas (D:4)
  4 orc wizards
  8 adders
  5 gnolls (D:6)
  A shadow imp (D:5)
  A dart slug (D:1)
  3 ribbon worms (D:3)
  13 orcs
  10 bats
  6 endoplasms
  4 giant cockroaches
  8 goblins
  11 hobgoblins
  4 jackals (D:1)
  4 quokkas
  6 ball pythons
  5 frilled lizards
  10 kobolds
  2 rats
137 creatures vanquished.

Vanquished Creatures (collateral kills)
  A gnoll (D:6)
1 creature vanquished.

Grand Total: 138 creatures vanquished

Notes
Turn   | Place    | Note
-------+----------+-------------------------------------------
     0 | D:1      | spaghetti the Tengu Chaos Knight began the quest for the
                  | Orb.
     0 | D:1      | Reached XP level 1. HP: 14/14 MP: 2/2
    11 | D:1      | XOM: silly message
    16 | D:1      | XOM: enchant monster (good)
    68 | D:1      | Reached XP level 2. HP: 17/19 MP: 3/3
   295 | D:1      | Reached XP level 3. HP: 19/23 MP: 4/4
   488 | D:1      | XOM: 4-stop teleportation journey
   583 | D:1      | XOM: god gift: 40 gold pieces
   804 | D:1      | XOM: divination: detect items
   893 | D:1      | XOM: noise
  1247 | D:2      | Reached XP level 4. HP: 27/28 MP: 5/5
  1398 | D:2      | XOM: silly message
  1508 | D:2      | Reached skill level 5 in Armour
  1663 | D:3      | XOM: divination: detect creatures
  1721 | D:3      | XOM: silly message
  1838 | D:3      | XOM: divination: detect creatures
  1991 | D:3      | Identified a scroll of acquirement
  1991 | D:3      | Acquired a +2 demon blade of venom
  2276 | D:3      | XOM: god gift: 39 gold pieces
  2361 | D:4      | Reached skill level 1 in Long Blades
  2375 | D:4      | Reached skill level 2 in Long Blades
  2375 | D:4      | Reached XP level 5. HP: 31/32 MP: 6/6
  2536 | D:4      | Reached skill level 3 in Long Blades
  2620 | D:4      | XOM: 3-stop teleportation journey
  2642 | D:4      | Noticed an ogre
  2646 | D:4      | XOM: scenery: create altars
  2648 | D:4      | XOM: butterfly on damage
  2649 | D:4      | Killed an ogre
  2650 | D:4      | Reached skill level 4 in Long Blades
  2650 | D:4      | Reached XP level 6. HP: 6/37 MP: 7/7
  2901 | D:4      | XOM: cleaving
  2907 | D:4      | Reached skill level 5 in Long Blades
  2922 | D:4      | Noticed a black bear
  2930 | D:4      | Killed a black bear
  2931 | D:4      | Reached skill level 6 in Long Blades
  2931 | D:4      | Gained mutation: Your magical flight helps you evade
                  | attacks. (EV +4) [Tengu growth]
  2931 | D:4      | Reached XP level 7. HP: 39/41 MP: 8/8
  2940 | D:4      | XOM: silly message
  3197 | D:4      | XOM: summons 4 hostile demons
  3274 | D:4      | XOM: give mutations
  3274 | D:4      | Gained mutation: You passively map a small area around you.
                  | [Xom's mischief]
  3274 | D:4      | Gained mutation: You are partially covered in iridescent
                  | scales. (AC +2) [Xom's mischief]
  3274 | D:4      | Gained mutation: Your muscles are strong. (Str +4, Int/Dex
                  | -1) [Xom's mischief]
  3378 | D:5      | Entered Level 5 of the Dungeon
  3396 | D:5      | XOM: cast spell 'Olgreb's Toxic Radiance'
  3398 | D:5      | Reached skill level 7 in Long Blades
  3555 | D:5      | Found a transporter.
  3557 | D:5      | Found a one-way gate to the infinite horrors of the Abyss.
  3557 | D:5      | Noticed JoadsterXIII's ghost (weakling TrDe)
  3607 | D:5      | Found a staircase to the Ecumenical Temple.
  3631 | D:5      | XOM: summons 2 friendly demons
  3757 | D:5      | Reached skill level 8 in Long Blades
  3787 | D:5      | Reached XP level 8. HP: 25/46 MP: 9/9
  3862 | D:5      | XOM: 2-stop teleportation journey
  3864 | D:5      | XOM: summons 1 hostile shadow creature
  3962 | D:5      | Found a transporter.
  4190 | D:5      | XOM: god gift: 5 stones
  4307 | D:5      | XOM: silly message
  4436 | D:6      | Noticed Pikel
  4442 | D:6      | Reached skill level 9 in Long Blades
  4453 | D:6      | Killed Pikel
  4454 | D:6      | Reached skill level 10 in Long Blades
  4454 | D:6      | XOM: noise
  4540 | D:6      | Reached skill level 11 in Long Blades
  4542 | D:6      | Reached XP level 9. HP: 32/50 MP: 10/10
  4697 | D:6      | XOM: noise
  4923 | D:6      | XOM: scenery: 1 doors close
  4924 | D:6      | Found Wamenyeq's Serpentskin Sales.
  4924 | D:6      | XOM: 3-stop teleportation journey
  4944 | D:6      | XOM: confusion (+ monsters)
  4961 | D:6      | Reached skill level 12 in Long Blades
  5058 | D:6      | XOM: 1-stop teleportation journey
  5176 | D:6      | Noticed Edmund
  5179 | D:6      | Killed Edmund
  5182 | D:6      | Noticed Maggie
  5193 | D:6      | Killed Maggie
  5197 | D:6      | XOM: summons 4 friendly demons
  5213 | D:6      | HP: 1/50 [gnoll/+0 halberd[a gnoll sergeant] (7)]
  5214 | D:6      | XOM: polymorph quasit -> ufetubus
  5216 | D:6      | Slain by a scorpion

Illustrated notes

Levels and vault maps discovered:
D:1:      dpeg_arrival_windows_large_door, layout_loops_corners,
          serial_bayou_lake_a
D:2:      layout_rooms
D:3:      minmay_spotlight, layout_loops_cross
D:4:      cheibrodos_barr_body, layout_basic, serial_forest,
          infiniplex_forest_straight_1, infiniplex_forest_side_room,
          infiniplex_forest_zigzag_1, infiniplex_forest_lined_3,
          infiniplex_forest_lined_room_2, minmay_misc_feat_five,
          minmay_misc_feat_cross
D:5:      layout_cave_pods, temple_fountains, gammafunk_ghost_abyssal_escape
D:6:      layout_basic, guppyfry_shop_venom, uniq_edmund, uniq_pikel,
          uniq_maggie

Skill      XL: |  1  2  3  4  5  6  7  8  9 |
---------------+----------------------------+-----
Armour         | 3 4 5 |  5.2
Long Blades    | 2 4 6 8 11 12 | 12.9
Fighting       | |  3.0
Polearms       | |  3.2
Dodging        | |  1.1

Action                     |  1- 3 |  4- 6 |  7- 9 || total
---------------------------+-------+-------+-------++-------
  Melee: Spear             |   104 |    53 |       ||   157
         Peck              |    10 |    16 |    31 ||    57
         Kick              |    17 |    21 |    36 ||    74
         Punch             |     1 |     1 |     3 ||     5
         Demon blade       |       |    63 |   176 ||   239
    Use: Scroll            |     6 |     6 |     6 ||    18
         Potion            |       |     1 |       ||     1
   Stab: Sleeping          |     1 |     2 |       ||     3
         Paralysed         |       |     1 |       ||     1
         Distracted        |       |     1 |       ||     1
 Armour: Leather armour    |    38 |    55 |   110 ||   203
  Dodge: Dodged            |    41 |    72 |   172 ||   285
